 Dungeon Crawl Stone Soup version 0.30-a0-385-gfebfb9b408 (webtiles) character file.

Game seed: 17489826854340932562

42 LnG the Caller (level 3, -6/19 HPs)
             Began as a Kobold Summoner on Dec 2, 2022.
             Killed by divine providence
             ... invoked by an orc priest
              (14 damage)
             ... on level 2 of the Dungeon.
             The game lasted 00:04:22 (1253 turns).

LnG the Caller (Kobold Summoner)                    Turns: 1253, Time: 00:04:24

Health: -6/19      AC:  2    Str:  5    XL:     3   Next: 80%
Magic:  6/6        EV: 15    Int: 18    God:
Gold:   141        SH:  0    Dex: 15    Spells: 0/6 levels left

rFire   . . .      SeeInvis .    c - +0 dagger
rCold   . . .      Faith    .    (no shield)
rNeg    . . .      Spirit   .    a - +0 robe
rPois   .          Reflect  .    (no helmet)
rElec   .          Harm     .    (no cloak)
rCorr   .          Rampage  .    (no gloves)
Will    .....                    (no boots)
Stlth   +++.......               (no amulet)
HPRegen 0.23/turn                (no ring)
MPRegen 0.10/turn                (no ring)

@: no status effects
A: small, no large weapons, nightstalker 3
a: no special abilities


You were on level 2 of the Dungeon.
You visited 1 branch of the dungeon, and saw 2 of its levels.

You collected 141 gold pieces.

Inventory:

Hand Weapons
 c - a +0 dagger (weapon)
Armour
 a - a +0 robe (worn)
Jewellery
 q - the Hermit's Pendant {Faith Invo=14 Evo=0 MP+5}
   (You found it on level 2 of the Dungeon)

   [amulet of faith]

   It sets your invocations skill to 14 and your evocations skill to 0.
   It allows you to gain divine favour quickly.
   MP:        It affects your magic capacity (+5).
Wands
 p - a wand of iceblast (10)
Scrolls
 e - a scroll of magic mapping {unknown}
 f - a scroll of enchant armour {unknown}
 g - a scroll of enchant weapon {unknown}
 h - a scroll of blinking {unknown}
 j - a scroll of poison {unknown}
 m - a scroll of identify {unknown}
 o - a scroll of immolation {unknown}
 r - a scroll of teleportation {unknown}
Potions
 b - 2 potions of magic
 d - a potion of degeneration {unknown}
 i - a potion of might {unknown}
 k - a potion of heal wounds
 l - a potion of lignification {unknown}
 n - a potion of ambrosia {unknown}


   Skills:
 + Level 0.2 Fighting
 + Level 0.2 Short Blades
 + Level 2.8 Dodging
 + Level 3.6 Stealth
 + Level 2.4 Spellcasting
 + Level 4.5 Summonings


You couldn't memorise any spells.
You knew the following spells:

 Your Spells              Type           Power      Damage    Failure   Level
a - Summon Small Mammal   Summ           72%        N/A       2%          1
b - Call Imp              Summ           18%        N/A       4%          2
c - Call Canine Familiar  Summ           18%        N/A       8%          3

Your spell library contained the following spells:

 Spells                   Type           Power      Damage    Failure   Level
 Summon Guardian Golem    Hex/Summ       10%        N/A       21%         3
 Summon Lightning Spire   Summ/Air       10%        N/A       56%         4


Dungeon Overview and Level Annotations

Branches:
Dungeon (2/15)

Altars:


Innate Abilities, Weirdness & Mutations

You are small and have problems with some larger weapons.
You are completely attuned to the shadows.


Message History

Your crimson imp closely misses the adder.
Your rat closely misses the adder.
Your hound bites the adder.
The adder dies!
Unknown command.
You feel sick.
You feel sick.
You feel sick.
You are no longer poisoned.
Your crimson imp blinks!
q - the Hermit's Pendant {Faith Invo=14 Evo=0 MP+5} You start resting.
Your crimson imp disappears in a puff of smoke!
Your rat disappears in a puff of smoke!
HP restored.
You start resting.
Magic restored.
Things that are here:
a +0 club; a goblin corpse
r - a scroll labelled OLAURO LUVOOX You now have 141 gold pieces (gained 9).
An orc priest and an orc come into view.
An orc priest and an orc come into view.
The orc shouts!
The orc priest shouts!
You hear a shout!
An orc priest comes into view. It is wielding a +0 club.
The orc priest shouts!
You hit the orc priest but do no damage.
An orc comes into view. It is wielding a +0 trident.
The orc priest calls down the wrath of Beogh upon you.
Beogh smites you!
Ouch! That really hurt!
The orc priest misses you.
You are too injured to fight recklessly!
You are too injured to fight recklessly!
You swap places.
Your hound bites the orc priest.
The orc hits your hound with a +0 club.
Your hound barely misses the orc priest.
The orc priest calls down the wrath of Beogh upon you.
Beogh smites you!
Ouch! That really hurt!
You die...

...#.#
..oo..#
...o..o#
.....oo#
.#...#h#
......@#.
.........#
##...#####
......#
##....#
#....# ..[
##...#
.... ###.#
.... #.#
....


You could see 3 orc priests, 2 orcs and a friendly hound (summoned).

Vanquished Creatures
  5 bats
  3 endoplasms (D:1)
  3 giant cockroaches
  3 goblins
  A jackal (D:1)
  2 ball pythons (D:1)
  5 frilled lizards
  2 kobolds (D:1)
  6 rats
30 creatures vanquished.

Vanquished Creatures (collateral kills)
  An adder (D:2)
  A goblin (D:1)
  A quokka (D:1)
  A bat (D:1)
4 creatures vanquished.

Vanquished Creatures (others)
  A plant (D:1)
  5 withered plants (D:1)
6 creatures vanquished.

Grand Total: 40 creatures vanquished

Notes
Turn   | Place    | Note
-------+----------+-------------------------------------------
     0 | D:1      | LnG the Kobold Summoner began the quest for the Orb.
     0 | D:1      | Reached XP level 1. HP: 10/10 MP: 3/3
   214 | D:1      | Reached XP level 2. HP: 15/15 MP: 5/5
   217 | D:1      | Learned a level 2 spell: Call Imp
   358 | D:1      | Found a faded altar of an unknown god.
   684 | D:1      | Reached XP level 3. HP: 19/19 MP: 6/6
   688 | D:1      | Learned a level 3 spell: Call Canine Familiar
  1151 | D:2      | Found the Hermit's Pendant {Faith Invo=14 Evo=0 MP+5}
  1253 | D:2      | Killed from afar by an orc priest

Illustrated notes

Levels and vault maps discovered:
D:1:      dpeg_arrival_round_c, layout_basic,
          shapermc_ecumenical_altar_flowoftime, minmay_misc_feat_ornament,
          minmay_rat_gold_closets
D:2:      cheibrodos_pilgrimage, layout_basic, basic_altar, uniq_terence

Skill      XL: |  1  2  3 |
---------------+----------+-----
Stealth        | 3 |  3.6
Fighting       | |  0.2
Short Blades   | |  0.2
Dodging        | |  2.8
Spellcasting   | |  2.4
Summonings     | |  4.5

Action                   || total
-------------------------++-------
Melee: Dagger            ||    99
 Cast: Summon Small Mamm ||     6
       Call Imp          ||     2
       Call Canine Famil ||     1
  Use: Scroll            ||     1
       Potion            ||     1
 Stab: Sleeping          ||    20
Armor: Robe              ||    11
Dodge: Dodged            ||    58

Table legend: (Time is in decaauts)
 A = Elapsed time spent in this place.
 B = Non-inter-level travel time spent in this place.
 C = Inter-level travel time spent in this place.
 D = Time resting spent in this place.
 E = Time spent auto-exploring this place.
 F = Levels seen in this place.
 G = Mean time per level.
                   A        B        C        D        E       F      G
               +--------+--------+--------+--------+--------+-----+--------+
         Total |   1252 |   1228 |     24 |     68 |    837 |   2 |  626.0 |
       Dungeon |   1252 |   1228 |     24 |     68 |    837 |   2 |  626.0 |
               +--------+--------+--------+--------+--------+-----+--------+

Top non-repeatable levels by time:
     D:1: 1018 daAuts
     D:2: 233 daAuts
